 Dungeon Crawl Stone Soup version 0.23-a0-619-g281719c6f9 (webtiles) character file.

62339 HereIgoKillingAgain the Executioner (level 15, -2/136 HPs)
             Began as a Hill Orc Fighter on Dec 23, 2018.
             Was an Elder of the Shining One.
             Slain by a deep troll (3 damage)
             ... on level 2 of the Orcish Mines.
             The game lasted 00:35:26 (23580 turns).

HereIgoKillingAgain the Executioner (HOFi)         Turns: 23580, Time: 00:35:27

Health: -2/136     AC: 23    Str: 28    XL:     15   Next: 6%
Magic:  13/13      EV:  9    Int: 13    God:    the Shining One [****..]
Gold:   1915       SH:  0    Dex: 15    Spells: 14/14 levels left

rFire    x . .     SeeInvis .   B - +1 battleaxe
rCold    + + .     Gourm    .   (shield currently unavailable)
rNeg     + + +     Faith    .   w - +3 chain mail of the Scribe {MR+ Str+3}
rPois    +         Spirit   .   D - +1 helmet
rElec    .         Reflect  .   r - +0 cloak
rCorr    .         Harm     .   y - +2 pair of gloves
MR       ++...                  (no boots)
Stlth    ..........             q - amulet "Usaghan" {Acrobat rC+ rN+++ MP-9}
HPRegen  0.32/turn              v - ring "Faczuitt" {Ice Str+4 Dex+5}
MPRegen  0.13/turn              F - ring of poison resistance

@: glowing, studying Translocations
A: no striking features
a: Divine Shield, Cleansing Flame, Renounce Religion


You were on level 2 of the Orcish Mines.
You worshipped the Shining One.
The Shining One was greatly pleased with you.
You were not hungry.

You visited 4 branches of the dungeon, and saw 23 of its levels.
You also visited: Sewer.

You collected 1915 gold pieces.

Inventory:

Hand Weapons
 g - a +0 hand axe of venom
 B - a +1 battleaxe (weapon)
 E - a +1 flail of protection
 H - the +4 scimitar "Killer Klown's Peril" {slice, rPois Dex+4 Stlth+}
   (You found it on level 6 of the Lair of Beasts)

   It inflicts extra damage upon your enemies.
   It affects your dexterity (+4).
   It protects you from poison.
   It makes you more stealthy.
 K - a +1 trident of flaming
Armour
 r - a +0 cloak (worn)
 w - the +3 chain mail of the Scribe (worn) {MR+ Str+3}
   (You found it on level 11 of the Dungeon)

   It affects your strength (+3).
   It affects your resistance to hostile enchantments.
 y - a +2 pair of gloves (worn)
 D - a +1 helmet (worn)
 L - the +3 hat of Pondering {ponderous, MR+ MP+10 Int+5}
   (You took it off Gastronok on level 3 of the Lair of Beasts)

   It affects your intelligence (+5).
   It affects your resistance to hostile enchantments.
   It affects your magic capacity (+10).
Jewellery
 q - the amulet "Usaghan" (around neck) {Acrobat rC+ rN+++ MP-9}
   (You found it on level 5 of the Lair of Beasts)

   [amulet of the acrobat]

   It helps you evade while moving and waiting.
   It protects you from cold.
   It renders you almost immune to negative energy.
   It affects your magic capacity (-9).
 v - the ring "Faczuitt" (left hand) {Ice Str+4 Dex+5}
   (You found it on level 6 of the Dungeon)

   [ring of ice]

   It enhances your ice magic.
   It affects your strength (+4).
   It affects your dexterity (+5).
   It makes you vulnerable to fire.
   It protects you from cold.
 x - an uncursed ring of magical power
 z - an uncursed ring of protection from magic
 F - a ring of poison resistance (right hand)
 O - a +3 amulet of reflection
Wands
 m - a wand of polymorph (11)
 A - a wand of flame (48)
 N - a wand of paralysis (3)
Scrolls
 b - 7 scrolls of remove curse
 h - a scroll of teleportation
 i - a scroll of identify
 k - 4 scrolls of amnesia
 l - 3 scrolls of fog
 n - 4 scrolls of magic mapping
 s - 2 scrolls of enchant weapon
 u - 5 scrolls of enchant armour
 C - 2 scrolls of fear
Potions
 c - 2 potions of ambrosia
 d - 6 potions of brilliance
 e - 6 potions of curing
 j - a potion of magic
 t - 2 potions of flight
 G - 4 potions of lignification
 I - a potion of cancellation
 J - a potion of agility
 M - 2 potions of mutation
Books
 P - a manual of Translocations
Comestibles
 f - 31 rations


   Skills:
 * Level 13.2 Fighting
 + Level 22.8 Axes
 * Level 12.2 Armour
   Level 3.2 Shields
 + Level 10.0 Invocations


You had 14 spell levels left.
You didn't know any spells.
Your spell library contained the following spells:

 Spells                   Type           Power        Failure   Level  Hunger
 Confusing Touch          Hex            #.....       77%         1    ##.....
 Confuse                  Hex            #.......     98%         3    ####...
 Gell's Gravitas          Tloc           #.........   98%         3    ####...
 Petrify                  Tmut/Erth      #.......     100%        4    #####..
 Metabolic Englaciation   Hex/Ice        #.........   100%        5    ######.
 Yara's Violent Unravell  Hex/Tmut       #.........   100%        5    ######.


Dungeon Overview and Level Annotations

Branches:
Dungeon (14/15)            Temple (1/1) D:7            Lair (6/6) D:9
 Shoals (0/4) Lair:2       Spider (0/4) Lair:4        Slime (0/5) Lair:6
    Orc (2/2) D:9
    Elf: Orc:2       Vaults: D:13-14

Altars:
Ashenzari
Cheibriados
Dithmenos
Elyvilon
Fedhas
Gozag
Hepliaklqana
Kikubaaqudgha
Makhleb
Nemelex Xobeh
Okawaru
Qazlal
Ru
Sif Muna
Trog
Uskayaw
Vehumet
Wu Jian
Xom
Yredelemnul
Zin
The Shining One
Beogh
Jiyva

Shops:
D:4 [   D:6 *=   D:11 [

Annotations:
D:6 3 runed doors, hemabe's ghost, novice HuAr
Lair:4 exclusion: 2 oklob plants


Message History

You barely miss the ogre. You slash the cyclops! The deep troll bites you!
The deep troll claws you.
* * * LOW HITPOINT WARNING * * *
The deep troll claws you but does no damage.
The cyclops barely misses you. The deep troll bites you.
* * * LOW HITPOINT WARNING * * *
The deep troll closely misses you. The deep troll claws you!
* * * LOW HITPOINT WARNING * * *
You carve the deep troll like a ham!!!
You kill the deep troll!
Your Invocations skill increases to level 10!
You hit the cyclops but do no damage. You hit the ogre but do no damage.
You hit the deep troll.
A troll comes into view.
The ogre hits you with a +0 giant club!
* * * LOW HITPOINT WARNING * * *
The deep troll bites you.
* * * LOW HITPOINT WARNING * * *
The deep troll claws you.
You die... ....#.... ..o..........T.......... ...$.................... o....................... ........................ ooo.....................

))).....................
..).............OC......
................@O......
................OT..T...
#$.......$....()........
#.......#..).(.......$..
##....#.....#.........T.
#...#......#...........
##.#..........#........
##..........#.......#.
##.....#..#.....###.


You could see a deep troll, a cyclops, 3 trolls and 3 ogres.

Vanquished Creatures
  Gastronok (Lair:3)
  An orc warlord (Orc:1)
  A fire dragon (Lair:6)
  Josephine (D:14)
  6 hydras
  Harold (Lair:1)
  Erolcha (D:13)
  A centaur warrior (D:13)
  6 death yaks (Lair:3)
  A tengu warrior (D:13)
  2 two-headed ogres
  Sonja (Lair:4)
  2 orc high priests
  A fire crab (Lair:6)
  A deep troll (Orc:2)
  An unseen horror (D:13)
  A deep elf archer (Orc:1)
  2 manticores
  2 orc sorcerers (Orc:1)
  3 deep elf magi (Orc:1)
  2 ugly things (D:11)
  13 elephants
  5 black mambas
  2 molten gargoyles (Lair:6)
  7 spiny frogs
  2 rime drakes
  10 komodo dragons
  5 trolls
  A hornet (D:13)
  A jumping spider (Lair:4)
  12 blink frogs
  3 slime creatures (D:14)
  10 hippogriffs
  Sigmund (D:2)
  2 shadows (D:13)
  A wyvern (Lair:3)
  Eustachio (D:4)
  4 wraiths (D:14)
  38 yaks
  2 hungry ghosts
  3 basilisks
  2 vampire mosquitoes (D:11)
  2 steam dragons (Lair:6)
  2 wargs
  2 acid dragons (D:13)
  10 water moccasins
  3 hell hounds (Lair:6)
  9 porcupines
  18 orc warriors
  A black bear (D:9)
  4 phantoms
  3 sky beasts
  A hornet zombie (D:7)
  2 ice beasts
  A necrophage (D:11)
  6 centaurs
  15 ogres
  11 crocodiles
  7 big kobolds
  A gnoll sergeant (D:7)
  15 bullfrogs
  A wyvern zombie (D:12)
  6 scorpions
  10 killer bees
  3 wights (D:14)
  4 howler monkeys
  2 electric eels (Lair:5)
  A jelly (D:9)
  5 lava snakes (Lair:6)
  3 centaur zombies
  5 crimson imps
  8 hounds
  A quasit (D:10)
  A bullfrog zombie (D:11)
  3 bullfrog skeletons
  A gnoll shaman (D:9)
  8 orc priests
  A centaur skeleton (D:9)
  14 orc wizards
  2 iguanas
  Terence (D:2)
  5 worker ants
  Robin (D:2)
  3 hound skeletons
  A howler monkey skeleton (D:4)
  14 gnolls
  17 adders
  A shadow imp (D:5)
  4 oozes
  2 adder skeletons
  4 worms
  2 dart slugs
  6 leopard geckos
  62 orcs
  3 ball pythons (Sewer)
  9 giant cockroaches
  16 goblins
  12 hobgoblins
  15 jackals
  4 quokkas
  9 bats
  3 frilled lizards
  A jackal skeleton (D:5)
  44 kobolds
  A leopard gecko skeleton (D:7)
  A quokka zombie (D:5)
  11 rats
  A fungus (D:9)
  3 plants
611 creatures vanquished.

Vanquished Creatures (others)
  A crocodile (Lair:6)
  33 fungi
  15 plants
49 creatures vanquished.

Grand Total: 660 creatures vanquished

Notes
Turn   | Place    | Note
-------+----------+-------------------------------------------
     0 | D:1      | HereIgoKillingAgain the Hill Orc Fighter began the quest
                  | for the Orb.
     0 | D:1      | Reached XP level 1. HP: 19/19 MP: 1/1
   119 | D:1      | Reached skill level 3 in Axes
   295 | D:1      | Reached XP level 2. HP: 22/26 MP: 2/2
   649 | D:1      | Reached skill level 4 in Axes
   677 | D:2      | Noticed Robin
   722 | D:2      | Killed Robin
   722 | D:2      | Reached XP level 3. HP: 22/31 MP: 3/3
   724 | D:2      | Reached skill level 5 in Axes
   797 | D:2      | Noticed Sigmund
   807 | D:2      | Killed Sigmund
   807 | D:2      | Reached skill level 7 in Axes
   807 | D:2      | Reached XP level 4. HP: 24/39 MP: 4/4
   807 | D:2      | Reached XP level 5. HP: 28/45 MP: 5/5
  1092 | D:2      | Reached skill level 8 in Axes
  1092 | D:2      | Reached XP level 6. HP: 42/51 MP: 6/6
  1300 | D:2      | Noticed Terence
  1309 | D:2      | Killed Terence
  1376 | D:2      | Found a deep blue altar of Sif Muna.
  1603 | D:3      | Found a glowing drain.
  1618 | Sewer    | Entered a sewer
  1700 | Sewer    | Reached skill level 9 in Axes
  1959 | Sewer    | Reached XP level 7. HP: 56/57 MP: 7/7
  2018 | D:3      | Reached skill level 10 in Axes
  2990 | D:4      | Noticed a moth of wrath
  2993 | D:4      | Found a bloodstained altar of Trog.
  3092 | D:4      | Reached skill level 11 in Axes
  3107 | D:4      | Reached XP level 8. HP: 64/64 MP: 8/8
  3190 | D:4      | Noticed Eustachio
  3208 | D:4      | Reached skill level 12 in Axes
  3225 | D:4      | Killed Eustachio
  3664 | D:4      | Found Beochyum's Armour Shop.
  3739 | D:5      | Entered Level 5 of the Dungeon
  3813 | D:5      | Reached skill level 13 in Axes
  4002 | D:5      | Reached skill level 14 in Axes
  4002 | D:5      | Reached XP level 9. HP: 62/70 MP: 9/9
  4183 | D:6      | Found Vuint's Jewellery Shoppe.
  4207 | D:6      | Found a runed gate.
  4208 | D:6      | Found a runed gate.
  4208 | D:6      | Found an opulent altar of Gozag.
  4209 | D:6      | Found a runed gate.
  4211 | D:6      | Noticed hemabe's ghost (novice HuAr)
  4226 | D:6      | Got a warped granite ring
  4227 | D:6      | Identified the ring "Faczuitt" {Ice Str+4 Dex+5} (You found
                  | it on level 6 of the Dungeon)
  4420 | D:6      | Found Cigeuju's General Store.
  4490 | D:6      | Reached skill level 15 in Axes
  4921 | D:7      | Found a staircase to the Ecumenical Temple.
  4944 | Temple   | Entered the Ecumenical Temple
  5088 | Temple   | Became a worshipper of the Shining One
  5376 | D:7      | Reached skill level 16 in Axes
  6290 | D:8      | Found a blossoming altar of Fedhas.
  6295 | D:8      | Found an iron altar of Okawaru.
  6316 | D:8      | Found an ancient bone altar of Kikubaaqudgha.
  6727 | D:8      | Reached XP level 10. HP: 58/77 MP: 10/10
  6980 | D:9      | Reached skill level 17 in Axes
  7086 | D:9      | Found a staircase to the Orcish Mines.
  7359 | D:9      | Found a sparkling altar of Nemelex Xobeh.
  7597 | D:9      | Reached skill level 18 in Axes
  7711 | D:9      | Reached * piety under the Shining One
  7939 | D:9      | Found a staircase to the Lair.
  8001 | D:9      | Found an ornate altar of the Wu Jian Council.
  8323 | D:10     | Entered Level 10 of the Dungeon
  8390 | D:10     | Reached skill level 19 in Axes
  8571 | D:10     | Reached XP level 11. HP: 30/82 MP: 11/11
  8587 | D:10     | HP: 4/82 [poisoned by a killer bee]
  8593 | D:10     | HP: 2/82 [poisoned by a killer bee]
  8599 | D:10     | HP: 2/82 [poisoned by a killer bee]
  8607 | D:10     | HP: 2/82 [poisoned by a killer bee]
  9569 | D:11     | Got a smoking chain mail
  9580 | D:11     | Identified the +3 chain mail of the Scribe {MR+ Str+3} (You
                  | found it on level 11 of the Dungeon)
  9662 | D:11     | Found Ysialuw's Armour Boutique.
  9669 | D:11     | Reached ** piety under the Shining One
  9705 | D:11     | Noticed a green ugly thing
  9714 | D:11     | Killed a green ugly thing
  9785 | D:11     | Reached skill level 20 in Axes
 10058 | D:11     | Noticed a cyan ugly thing
 10067 | D:11     | Killed a cyan ugly thing
 11114 | D:12     | Reached skill level 21 in Axes
 11368 | D:13     | Reached *** piety under the Shining One
 11370 | D:13     | Noticed a tengu warrior
 11381 | D:13     | Noticed a two-headed ogre
 11390 | D:13     | Killed a two-headed ogre
 11394 | D:13     | Killed a tengu warrior
 11675 | D:13     | Noticed Erolcha
 11684 | D:13     | Killed Erolcha
 11684 | D:13     | Reached skill level 1 in Invocations
 11684 | D:13     | Reached XP level 12. HP: 56/91 MP: 12/12
 11743 | D:13     | Paralysed by a hornet for 2 turns
 12091 | D:13     | Reached skill level 5 in Fighting
 12110 | D:13     | Noticed a centaur warrior
 12122 | D:13     | Killed a centaur warrior
 12406 | D:13     | Reached skill level 5 in Armour
 12917 | D:14     | Noticed a seven-headed hydra
 12924 | D:14     | Noticed a six-headed hydra
 12928 | D:14     | Reached **** piety under the Shining One
 12930 | D:14     | Noticed Josephine
 12940 | D:14     | Killed Josephine
 12982 | D:14     | Killed a seven-headed hydra
 13150 | Lair:1   | Entered Level 1 of the Lair of Beasts
 13315 | Lair:1   | You fall through a shaft!
 13390 | Lair:2   | Noticed a seven-headed hydra
 13399 | Lair:2   | Killed a seven-headed hydra
 13399 | Lair:2   | Reached skill level 5 in Invocations
 13987 | Lair:2   | Found a staircase to the Shoals.
 14322 | Lair:1   | Noticed Harold
 14331 | Lair:1   | Killed Harold
 14331 | Lair:1   | Reached XP level 13. HP: 79/108 MP: 17/17
 14331 | Lair:1   | Reached skill level 22 in Axes
 14946 | Lair:3   | Noticed Gastronok
 14963 | Lair:3   | Killed Gastronok
 15660 | Lair:3   | Reached skill level 10 in Fighting
 16367 | Lair:4   | Found a hole to the Spider Nest.
 16382 | Lair:4   | Noticed Sonja
 17515 | Lair:4   | Killed Sonja
 17515 | Lair:4   | Reached skill level 10 in Armour
 17976 | Lair:5   | Reached XP level 14. HP: 101/124 MP: 20/20
 18048 | Lair:6   | Entered Level 6 of the Lair of Beasts
 18548 | Lair:5   | Got a transparent bronze amulet
 19260 | Lair:6   | Identified the amulet "Usaghan" {Acrobat rC+ rN+++ MP-9}
                  | (You found it on level 5 of the Lair of Beasts)
 19438 | Lair:6   | HP: 4/126 [fire crab] (5)]
 20228 | Lair:6   | Found a viscous altar of Jiyva.
 20228 | Lair:6   | Found a staircase to the Slime Pits.
 20438 | Lair:6   | Found a large runed door.
 20441 | Lair:6   | Found a large runed door.
 21756 | Lair:6   | Got an ancient scimitar
 21789 | Lair:6   | Identified the +4 scimitar "Killer Klown's Peril" {slice,
                  | rPois Dex+4 Stlth+} (You found it on level 6 of the Lair of
                  | Beasts)
 22177 | Orc:1    | Entered Level 1 of the Orcish Mines
 22253 | Orc:1    | Found a roughly hewn altar of Beogh.
 22359 | Orc:2    | Entered Level 2 of the Orcish Mines
 22587 | Orc:2    | Reached ***** piety under the Shining One
 22589 | Orc:2    | HP: 4/127 [ogre/+0 giant spiked club (11)]
 23004 | Orc:1    | Noticed an orc warlord
 23015 | Orc:1    | Killed an orc warlord
 23512 | Orc:2    | Reached XP level 15. HP: 128/135 MP: 13/22
 23580 | Orc:2    | Reached skill level 10 in Invocations
 23580 | Orc:2    | HP: 1/136 [deep troll (6)]
 23580 | Orc:2    | Slain by a deep troll

Vault maps used:
D:1:      sevenhm_arrival_forest_fort_small_6
D:2:      lemuel_crystal_altar, uniq_terence, uniq_robin, uniq_sigmund
D:3:      gup_sewer_entry_pipe
D:4:      minmay_wonky_spiral, tgw_trog, serial_shops, kennysheep_mini_moat,
          uniq_eustachio
D:5:      first_ration
D:6:      ebering_ghost_gozag, serial_shops, nicolae_shop_waterfront,
          nicolae_shop_crystal, kennysheep_doodads, glass_columns_b
D:7:      minmay_temple_entry_enclosed_plants, minivault_27, grunt_tough_drop
D:8:      minmay_overflow_temple_star_quad
D:9:      nicolae_overflow_hidden_temple, due_lair_maze_entry_diamond,
          david_orc_2, nemelex_spade_bored_becter
D:11:     serial_shops, shop_statue
D:13:     uniq_erolcha
D:14:     ximxim_vaults_locker_room, nicolae_ru_awakened_eye, grunt_livestock,
          wad_dig_loot, uniq_josephine
Temple:   regret_index_temple_sphere_string
Lair:1:   uniq_harold
Lair:2:   shoals_dummy_entry
Lair:3:   small_statue_intersection, grunt_megastairs_2, lemuel_fruit_fields,
          lemuel_fruit_fields, serial_bayou_shore_b,
          infiniplex_staircase_pool_2, lemuel_fruit_fields, uniq_gastronok
Lair:4:   spider_nest_entry_a, minmay_lair_oklob_chamber, uniq_sonja
Lair:5:   st_stairs_9, serial_bayou_shore_a
Lair:6:   cheibrodos_lair_end_hotspot, dpeg_slime_entry_enclosed_altar
Orc:1:    basic_altar, elf_legates
Orc:2:    st_orc_open
Sewer:    kennysheep_pipe_town

Skill      XL: |  1  2  3  4  5  6  7  8  9 10 11 12 13 14 15 |
---------------+----------------------------------------------+-----
Axes           | 3 4 7 8 9 11 14 16 19 21 22 | 22.8
Fighting       | 4 8 11 13 | 13.2
Invocations    | 1 5 8 9 10 | 10.0
Armour         | 7 10 12 | 12.2
Shields        | |  3.2

Action                   |  1- 3 |  4- 6 |  7- 9 | 10-12 | 13-15 || total
-------------------------+-------+-------+-------+-------+-------++-------
Melee: War axe           |    70 |       |       |       |       ||    70
       Hand axe          |     7 |   130 |   548 |    41 |       ||   726
       Unarmed           |       |       |     3 |       |       ||     3
       Battleaxe         |       |       |       |   464 |   528 ||   992
       Flail             |       |       |       |       |    16 ||    16
Invok: Divine Shield     |       |       |       |       |     4 ||     4
       Cleansing Flame   |       |       |       |       |     3 ||     3
Evoke: Wand              |       |       |       |    12 |     4 ||    16
  Use: Scroll            |     4 |     2 |    16 |     8 |    19 ||    49
       Potion            |     1 |       |     1 |     9 |    14 ||    25
 Stab: Sleeping          |       |       |     1 |       |       ||     1
  Eat: Chunk             |       |     4 |     8 |    10 |     9 ||    31
       Ration            |       |       |     2 |     5 |     7 ||    14
Armor: Scale mail        |    26 |    55 |    53 |       |       ||   134
       Leather armour    |       |       |   113 |    77 |       ||   190
       Chain mail        |       |       |       |   203 |   364 ||   567
       Skin              |       |       |       |       |    22 ||    22
Dodge: Dodged            |    28 |    46 |   110 |   198 |   239 ||   621
Block: Shield            |    40 |    63 |   200 |    24 |       ||   327
       Other             |       |       |       |       |    29 ||    29

Table legend:
 A = Non-vault XP
 B = Vault XP
 C = Vault XP percentage of total XP
 D = Non-vault monster count
 E = Vault monster count
 F = Vault count percentage of total count
                 A         B        C        D         E       F
            +---------+---------+-------+---------+---------+-------
      Total |   55804 |   33253 |  37.3 |     471 |     137 |  22.5
            +---------+---------+-------+---------+---------+-------
        D:1 |      20 |       0 |   0.0 |      12 |       0 |   0.0
        D:2 |     133 |     307 |  69.8 |      23 |      15 |  39.5
        D:3 |     203 |      19 |   8.6 |      30 |       8 |  21.1
        D:4 |     542 |     228 |  29.6 |      18 |       9 |  33.3
        D:5 |     756 |       0 |   0.0 |      14 |       0 |   0.0
        D:6 |     694 |       0 |   0.0 |      13 |       0 |   0.0
        D:7 |    1258 |       0 |   0.0 |      35 |       0 |   0.0
        D:8 |     535 |       0 |   0.0 |      15 |       0 |   0.0
        D:9 |    1958 |    1153 |  37.1 |      35 |      18 |  34.0
       D:10 |    1775 |       0 |   0.0 |      28 |       0 |   0.0
       D:11 |    3942 |       0 |   0.0 |      35 |       0 |   0.0
       D:12 |    1531 |       0 |   0.0 |      22 |       0 |   0.0
       D:13 |    5900 |     952 |  13.9 |      20 |       1 |   4.8
       D:14 |    3543 |    2167 |  38.0 |      21 |       5 |  19.2
     Lair:1 |     528 |     976 |  64.9 |       4 |       1 |  20.0
     Lair:2 |    3195 |       0 |   0.0 |      13 |       0 |   0.0
     Lair:3 |    5229 |    7562 |  59.1 |      24 |       8 |  25.0
     Lair:4 |    5879 |    1457 |  19.9 |      16 |       5 |  23.8
     Lair:5 |    7727 |     196 |   2.5 |      29 |       2 |   6.5
     Lair:6 |    7215 |    9597 |  57.1 |      25 |      25 |  50.0
      Orc:1 |    1135 |    6515 |  85.2 |      19 |      12 |  38.7
      Orc:2 |    2106 |    1885 |  47.2 |      20 |       4 |  16.7
      Sewer |       0 |     239 | 100.0 |       0 |      24 | 100.0
            +---------+---------+-------+---------+---------+-------
